[ AOE2 MATCH · #506238719 ]
UnrankedMalians vs Armenians
Player's team · LOSS
[ REPLAY ANALYSIS · EXTRACTED FROM THE RECORDED GAME ]
Feudal
11:16
Castle
22:05
Imperial
—
| APM avg | 76.4 |
| APM peak | 109 |
| eAPM avg | 27.9 |
| Villagers / military | 74 / 91 |
Focus
⚔️ 38.5% · 🌾 61.5%
Militia ×51 · Cavalry Archer ×23 · Archer ×13 · Monk ×3 · Spearman ×1
Feudal
10:58
Castle
20:39
Imperial
—
| APM avg | 60.0 |
| APM peak | 129 |
| eAPM avg | 24.8 |
| Villagers / military | 103 / 81 |
Focus
⚔️ 42.8% · 🌾 57.2%
Skirmisher ×39 · Knight ×32 · Spearman ×4 · Archer ×3 · Warrior Priest ×2 · Monk ×1
Match map
Initial resources + every placement click. Lines = walls · curves = elevation contours. ◆ gold · ⬟ stone · ● berries · ✦ relic · ◌ wall gap
Your base· Open — 1t gap
PWLG | Legend's base· Open — 9t gap
Smoothed initial terrain · ◌ = detected wall gap · hover for details
Inputs per minute
— uel - - PWLG | Legend
Build order — uel
First 150 of 297 actions detected
| 0:01 | Queue | Villager (Male) |
| 0:01 | Queue | Villager (Male) |
| 0:01 | Queue | Villager (Male) |
| 0:02 | Build | House |
| 0:03 | Build | House |
| 0:13 | Queue | Villager (Male) |
| 1:26 | Queue | Villager (Male) |
| 1:52 | Build | Lumber Camp |
| 2:02 | Queue | Villager (Male) |
| 2:06 | Queue | Villager (Male) |
| 2:32 | Queue | Villager (Male) |
| 3:01 | Queue | Villager (Male) |
| 3:29 | Queue | Villager (Male) |
| 3:54 | Build | House |
| 3:56 | Queue | Villager (Male) |
| 4:18 | Build | Barracks |
| 4:21 | Queue | Villager (Male) |
| 4:39 | Build | House |
| 4:51 | Queue | Villager (Male) |
| 5:09 | Build | Palisade Wall |
| 5:09 | Build | Palisade Wall |
| 5:20 | Queue | Militia |
| 5:20 | Queue | Militia |
| 5:21 | Build | House |
| 5:29 | Build | Palisade Wall |
| 5:43 | Queue | Militia |
| 5:51 | Queue | Villager (Male) |
| 5:55 | Build | Mill |
| 5:59 | Queue | Villager (Male) |
| 6:30 | Queue | Villager (Male) |
| 6:51 | Queue | Villager (Male) |
| 7:02 | Build | Palisade Wall |
| 7:03 | Build | Palisade Wall |
| 7:10 | Research | Loom |
| 7:28 | Queue | Villager (Male) |
| 7:29 | Research | Loom |
| 8:14 | Build | Mining Camp |
| 9:06 | Research | Feudal Age |
| 9:14 | Build | Lumber Camp |
| 9:19 | Build | Farm |
| 9:29 | Queue | Villager (Male) |
| 10:07 | Build | Palisade Wall |
| 10:10 | Queue | Villager (Male) |
| 10:22 | Build | Farm |
| 10:25 | Queue | Villager (Male) |
| 10:41 | Queue | Villager (Male) |
| 10:58 | Build | Farm |
| 11:16 | Age | Feudal Age |
| 11:19 | Research | Double-Bit Axe |
| 11:21 | Build | Archery Range |
| 11:35 | Build | House |
| 11:59 | Queue | Villager (Male) |
| 12:04 | Build | House |
| 12:09 | Queue | Spearman |
| 12:09 | Queue | Archer |
| 12:11 | Build | Palisade Wall |
| 12:13 | Build | Palisade Wall |
| 12:15 | Build | Palisade Wall |
| 12:16 | Build | Palisade Wall |
| 12:32 | Queue | Archer |
| 12:42 | Build | Palisade Wall |
| 12:47 | Queue | Archer |
| 12:54 | Build | Farm |
| 13:06 | Queue | Villager (Male) |
| 13:08 | Build | Farm |
| 13:24 | Queue | Archer |
| 13:41 | Research | Man-at-Arms (upgrade) |
| 13:48 | Build | Farm |
| 14:02 | Build | Blacksmith |
| 14:06 | Queue | Archer |
| 14:10 | Queue | Villager (Male) |
| 14:29 | Queue | Villager (Male) |
| 14:38 | Queue | Militia |
| 14:43 | Research | Scale Mail Armor |
| 14:45 | Queue | Archer |
| 14:58 | Queue | Villager (Male) |
| 15:01 | Build | Farm |
| 15:01 | Build | Farm |
| 15:01 | Build | Farm |
| 15:05 | Queue | Militia |
| 15:16 | Build | Farm |
| 15:24 | Queue | Militia |
| 15:49 | Queue | Villager (Male) |
| 15:53 | Build | House |
| 15:54 | Build | Farm |
| 15:55 | Build | Farm |
| 15:55 | Build | Farm |
| 16:24 | Research | Fletching |
| 16:24 | Research | Fletching |
| 16:25 | Queue | Archer |
| 16:48 | Queue | Villager (Male) |
| 16:49 | Build | Farm |
| 16:58 | Queue | Militia |
| 17:03 | Queue | Villager (Male) |
| 17:07 | Queue | Archer |
| 17:33 | Queue | Villager (Male) |
| 17:36 | Build | Farm |
| 17:36 | Build | Farm |
| 17:50 | Queue | Villager (Male) |
| 17:51 | Build | House |
| 17:52 | Build | House |
| 18:08 | Build | Market |
| 18:10 | Build | House |
| 18:40 | Queue | Villager (Male) |
| 18:41 | Build | Farm |
| 18:45 | Queue | Archer |
| 19:25 | Research | Castle Age |
| 19:27 | Queue | Archer |
| 19:30 | Build | Archery Range |
| 19:32 | Queue | Archer |
| 19:49 | Research | Padded Archer Armor |
| 20:10 | Build | Palisade Gate |
| 20:15 | Research | Gold Mining |
| 20:15 | Queue | Archer |
| 20:31 | Build | Farm |
| 21:13 | Queue | Villager (Male) |
| 21:43 | Queue | Archer |
| 22:05 | Age | Castle Age |
| 22:10 | Research | Crossbowman (upgrade) |
| 22:10 | Research | Bodkin Arrow |
| 22:10 | Research | Bodkin Arrow |
| 22:11 | Queue | Cavalry Archer |
| 22:12 | Queue | Cavalry Archer |
| 22:32 | Research | Bow Saw |
| 22:34 | Queue | Cavalry Archer |
| 22:48 | Build | Monastery |
| 22:51 | Build | House |
| 22:52 | Build | Palisade Wall |
| 22:54 | Queue | Villager (Male) |
| 23:02 | Queue | Cavalry Archer |
| 23:04 | Queue | Cavalry Archer |
| 23:06 | Queue | Cavalry Archer |
| 23:10 | Build | House |
| 23:14 | Queue | Villager (Male) |
| 23:23 | Queue | Cavalry Archer |
| 23:30 | Queue | Cavalry Archer |
| 23:39 | Queue | Monk |
| 23:54 | Queue | Villager (Male) |
| 23:59 | Queue | Cavalry Archer |
| 23:59 | Queue | Cavalry Archer |
| 24:22 | Queue | Monk |
| 24:28 | Build | Lumber Camp |
| 24:29 | Queue | Villager (Male) |
| 24:30 | Queue | Villager (Male) |
| 24:38 | Queue | Cavalry Archer |
| 24:40 | Queue | Villager (Male) |
| 24:46 | Queue | Villager (Male) |
| 25:10 | Queue | Villager (Male) |
| 25:12 | Build | Stable |
| 25:25 | Queue | Cavalry Archer |
Build order — PWLG | Legend
First 150 of 333 actions detected
| 0:00 | Queue | Villager (Male) |
| 0:00 | Queue | Villager (Male) |
| 0:00 | Queue | Villager (Male) |
| 0:00 | Queue | Villager (Male) |
| 0:01 | Queue | Villager (Male) |
| 0:02 | Build | House |
| 0:03 | Build | House |
| 1:32 | Queue | Villager (Male) |
| 1:32 | Queue | Villager (Male) |
| 1:55 | Queue | Villager (Male) |
| 2:06 | Queue | Villager (Male) |
| 2:06 | Queue | Villager (Male) |
| 2:15 | Build | Mule Cart |
| 2:54 | Queue | Villager (Male) |
| 2:54 | Queue | Villager (Male) |
| 2:54 | Queue | Villager (Male) |
| 3:23 | Build | House |
| 3:39 | Queue | Villager (Male) |
| 3:39 | Queue | Villager (Male) |
| 3:39 | Queue | Villager (Male) |
| 4:13 | Queue | Villager (Male) |
| 4:14 | Queue | Villager (Male) |
| 4:17 | Build | Barracks |
| 4:24 | Queue | Villager (Male) |
| 5:06 | Build | House |
| 5:17 | Queue | Villager (Male) |
| 5:28 | Queue | Spearman |
| 5:29 | Queue | Spearman |
| 5:42 | Queue | Villager (Male) |
| 6:06 | Queue | Villager (Male) |
| 6:26 | Queue | Spearman |
| 6:39 | Queue | Villager (Male) |
| 6:42 | Build | Mule Cart |
| 6:58 | Research | Loom |
| 7:12 | Queue | Villager (Male) |
| 7:15 | Build | Palisade Wall |
| 7:19 | Build | Palisade Wall |
| 7:23 | Build | Palisade Wall |
| 7:24 | Build | Palisade Wall |
| 7:29 | Build | Palisade Wall |
| 7:30 | Queue | Villager (Male) |
| 8:02 | Queue | Villager (Male) |
| 8:10 | Queue | Villager (Male) |
| 8:48 | Research | Feudal Age |
| 9:34 | Build | House |
| 9:36 | Build | Palisade Wall |
| 9:59 | Build | Mill |
| 10:10 | Build | Palisade Wall |
| 10:13 | Build | Palisade Wall |
| 10:33 | Queue | Villager (Male) |
| 10:58 | Age | Feudal Age |
| 10:59 | Build | Archery Range |
| 11:00 | Queue | Villager (Male) |
| 11:01 | Research | Double-Bit Axe |
| 11:09 | Build | Palisade Wall |
| 11:16 | Queue | Villager (Male) |
| 11:44 | Queue | Skirmisher |
| 11:45 | Queue | Skirmisher |
| 11:53 | Build | Farm |
| 11:54 | Build | Farm |
| 12:02 | Queue | Villager (Male) |
| 12:06 | Build | Farm |
| 12:07 | Build | Farm |
| 12:07 | Build | Farm |
| 12:07 | Build | Farm |
| 12:27 | Queue | Villager (Male) |
| 12:30 | Queue | Villager (Male) |
| 12:38 | Build | House |
| 12:42 | Research | Wheelbarrow |
| 12:42 | Research | Wheelbarrow |
| 12:53 | Build | Farm |
| 12:53 | Queue | Villager (Male) |
| 12:57 | Build | Farm |
| 12:59 | Queue | Archer |
| 13:02 | Queue | Skirmisher |
| 13:08 | Build | Farm |
| 13:09 | Queue | Spearman |
| 13:24 | Build | House |
| 13:29 | Queue | Villager (Male) |
| 13:56 | Build | Farm |
| 13:59 | Build | Farm |
| 14:03 | Build | Farm |
| 14:29 | Build | Farm |
| 14:39 | Queue | Villager (Male) |
| 14:45 | Build | Mule Cart |
| 15:08 | Queue | Villager (Male) |
| 15:18 | Queue | Villager (Male) |
| 15:42 | Queue | Skirmisher |
| 15:55 | Queue | Villager (Male) |
| 16:06 | Build | Stone Wall |
| 16:21 | Build | Stone Wall |
| 16:29 | Build | Stone Wall |
| 16:39 | Queue | Villager (Male) |
| 16:43 | Queue | Villager (Male) |
| 16:56 | Build | Blacksmith |
| 16:59 | Build | Market |
| 17:01 | Queue | Villager (Male) |
| 17:08 | Build | Stone Wall |
| 17:17 | Build | Stone Wall |
| 17:55 | Build | House |
| 17:59 | Research | Castle Age |
| 18:06 | Build | Stable |
| 18:08 | Build | Stable |
| 18:18 | Build | Stone Wall |
| 18:20 | Queue | Villager (Male) |
| 18:27 | Build | Farm |
| 18:36 | Research | Horse Collar |
| 18:36 | Research | Horse Collar |
| 19:08 | Research | Bloodlines |
| 19:16 | Research | Scale Barding Armor |
| 19:16 | Research | Scale Barding Armor |
| 19:25 | Build | Farm |
| 19:28 | Build | Farm |
| 20:35 | Research | Gold Mining |
| 20:39 | Age | Castle Age |
| 20:40 | Queue | Knight |
| 20:41 | Queue | Knight |
| 20:43 | Queue | Knight |
| 20:50 | Research | Bow Saw |
| 20:53 | Queue | Villager (Male) |
| 21:08 | Build | Farm |
| 21:16 | Queue | Knight |
| 21:16 | Queue | Knight |
| 21:20 | Queue | Villager (Male) |
| 21:37 | Queue | Knight |
| 21:38 | Queue | Villager (Male) |
| 21:46 | Build | Farm |
| 21:48 | Build | Farm |
| 22:01 | Queue | Villager (Male) |
| 22:02 | Queue | Knight |
| 22:25 | Queue | Knight |
| 22:33 | Queue | Knight |
| 22:38 | Build | House |
| 22:45 | Queue | Villager (Male) |
| 23:05 | Build | Monastery |
| 23:06 | Queue | Villager (Male) |
| 23:22 | Build | House |
| 23:23 | Build | House |
| 23:25 | Queue | Villager (Male) |
| 23:40 | Build | Town Center |
| 23:42 | Queue | Villager (Male) |
| 23:59 | Queue | Monk |
| 24:01 | Queue | Warrior Priest |
| 24:08 | Queue | Villager (Male) |
| 24:08 | Queue | Villager (Male) |
| 24:22 | Queue | Villager (Male) |
| 24:23 | Build | House |
| 24:24 | Queue | Villager (Male) |
| 24:24 | Queue | Villager (Male) |
| 24:35 | Build | Farm |
Match timeline
| 4:17 | PWLG | Legend · first_building Barracks |
| 4:18 | uel · first_building Barracks |
| 5:09 | uel · wall_segment Palisade Wall x1 |
| 5:09 | uel · wall_segment Palisade Wall x1 |
| 5:29 | uel · wall_segment Palisade Wall x1 |
| 7:02 | uel · wall_segment Palisade Wall x2 |
| 7:03 | uel · wall_segment Palisade Wall x3 |
| 7:15 | PWLG | Legend · wall_segment Palisade Wall x1 |
| 7:19 | PWLG | Legend · wall_segment Palisade Wall x1 |
| 7:23 | PWLG | Legend · wall_segment Palisade Wall x1 |
| 7:24 | PWLG | Legend · wall_segment Palisade Wall x1 |
| 7:29 | PWLG | Legend · wall_segment Palisade Wall x1 |
| 9:36 | PWLG | Legend · wall_segment Palisade Wall x5 |
| 10:07 | uel · wall_segment Palisade Wall x13 |
| 10:10 | PWLG | Legend · wall_segment Palisade Wall x3 |
| 10:13 | PWLG | Legend · wall_segment Palisade Wall x1 |
| 10:58 | PWLG | Legend · age_up feudal |
| 10:59 | PWLG | Legend · first_building Archery Range |
| 11:09 | PWLG | Legend · wall_segment Palisade Wall x13 |
| 11:16 | uel · age_up feudal |
| 11:21 | uel · first_building Archery Range |
| 12:11 | uel · wall_segment Palisade Wall x6 |
| 12:13 | uel · wall_segment Palisade Wall x3 |
| 12:15 | uel · wall_segment Palisade Wall x6 |
| 12:16 | uel · wall_segment Palisade Wall x4 |
| 12:42 | uel · wall_segment Palisade Wall x18 |
| 16:06 | PWLG | Legend · wall_segment Stone Wall x5 |
| 16:21 | PWLG | Legend · wall_segment Stone Wall x6 |
| 16:29 | PWLG | Legend · wall_segment Stone Wall x3 |
| 17:08 | PWLG | Legend · wall_segment Stone Wall x1 |
| 17:17 | PWLG | Legend · wall_segment Stone Wall x3 |
| 18:06 | PWLG | Legend · first_building Stable |
| 18:18 | PWLG | Legend · wall_segment Stone Wall x4 |
| 19:10 | uel · first_market_sell 100 stone |
| 19:12 | uel · first_market_buy 100 food |
| 20:39 | PWLG | Legend · age_up castle |
| 21:11 | PWLG | Legend · first_market_buy 100 food |
| 22:05 | uel · age_up castle |
| 22:48 | uel · first_building Monastery |
| 22:52 | uel · wall_segment Palisade Wall x1 |
| 23:05 | PWLG | Legend · first_building Monastery |
| 24:38 | PWLG | Legend · first_building Siege Workshop |
| 25:12 | uel · first_building Stable |
| 27:10 | uel · wall_segment Palisade Wall x7 |
| 27:11 | uel · wall_segment Palisade Wall x5 |
| 33:52 | uel · wall_segment Palisade Wall x1 |
| 35:03 | PWLG | Legend · first_building Castle |
| 36:24 | uel · first_building Castle |
| 36:39 | PWLG | Legend · first_market_sell 500 wood |
| 37:04 | uel · resign |
[ AI ANALYSIS · 1 CREDIT ]
What really happened in this match?
Wolo.gg analyzes every decision: build order, eco, micro, common mistakes by bracket. Personalized analysis on WhatsApp or Discord in 30 seconds.
Civ guide
Malians
Perfil
uel